 Dungeon Crawl Stone Soup version 0.21-a0-272-g984ae92 (webtiles) character file.

215864 tidbits the Black Belt (level 17, -4/192 HPs)
             Began as a Demigod Transmuter on Sept 14, 2017.
             Killed from afar by an acid blob (13 damage)
             ... with a splash of acid
             ... created by the Royal Jelly
             ... on level 5 of the Pits of Slime on Sept 15, 2017.
             The game lasted 03:46:31 (16446 turns).

tidbits the Black Belt (Demigod Transmuter)        Turns: 16446, Time: 03:46:31

Health: -4/192     AC: 27    Str: 21      XL:     17   Next: 29%
Magic:  10/35      EV: 21    Int: 27 (28) God:
Gold:   1530       SH: 12    Dex: 18      Spells: 2/34 levels left

rFire    . . .     SeeInvis .     - Unarmed
rCold    . . .     Gourm    .   D - +3 buckler "Netic" {rPois Str+4}
rNeg     + . .     Faith    .   (armour currently unavailable)
rPois    ∞         Spirit   .   E - +2 hat {Int+3}
rElec    +         Reflect  .   C - +2 cloak {MR+}
rCorr    .         Harm     .   (gloves currently unavailable)
MR       ++...                  (boots currently unavailable)
Stlth    ++........             R - amulet of regeneration
HPRegen  0.82/turn              W - ring of wizardry
MPRegen  0.24/turn              u - +4 ring of intelligence

@: about to teleport, statue-form, corroded, very slightly contaminated, very
slow
A: large bone plates 1, high mp 1, poison resistance, no potion heal 1
}: 2/15 runes: decaying, gossamer
a: End Transformation


You were on level 5 of the Pits of Slime.
You were not hungry.
You were a stone statue.
You visited 8 branches of the dungeon, and saw 40 of its levels.
You also visited: Sewer.

You collected 3118 gold pieces.
You spent 1588 gold pieces at shops.

Inventory:

Hand Weapons
 g - a +3 blowgun
Missiles
 x - 263 arrows
 z - 7 curare-tipped needles
 J - 4 javelins (quivered)
Armour
 i - +0 acid dragon scales (melded)
 B - a +2 troll leather armour
 C - a +2 cloak of magic resistance (worn)
   (You took it off Crazy Yiuf on level 2 of the Dungeon)
 D - the +3 buckler "Netic" (worn) {rPois Str+4}
   (You found it on level 5 of the Dungeon)

   It affects your strength (+4).
   It protects you from poison.
 E - a +2 hat of intelligence (worn)
   (You acquired it on level 11 of the Dungeon)
 F - a +1 pair of boots (melded)
Jewellery
 u - a +4 ring of intelligence (right hand)
   (You found it on level 3 of the Swamp)
 H - an uncursed ring of protection from magic
   (You found it on level 3 of the Dungeon)
 R - an amulet of regeneration (around neck)
   (You found it on level 8 of the Dungeon)
 W - a ring of wizardry (left hand)
   (You found it on level 2 of the Dungeon)
Wands
 n - a wand of iceblast (10/15)
 K - a wand of acid (7/15)
 L - a wand of disintegration (6/24)
 M - a wand of lightning (7/15)
 P - a wand of acid (5/15)
 S - a wand of iceblast (9/15)
Scrolls
 e - 5 scrolls of fog
 h - 4 scrolls of recharging
 o - a scroll of silence
 r - 4 scrolls of remove curse
 t - 3 scrolls of teleportation
 I - 3 scrolls of magic mapping
 N - 3 scrolls of fear
 X - a scroll of immolation
Potions
 a - 13 potions of curing
 c - 2 potions of cancellation
 f - 5 potions of ambrosia
 j - a potion of mutation {!q}
 l - 2 potions of magic
 p - 3 potions of haste
 q - 2 potions of lignification
 s - 2 potions of might
 w - 4 potions of flight
 y - a potion of brilliance
 A - 4 potions of agility
 O - 2 potions of resistance
 T - 2 potions of heal wounds
 Z - 2 potions of berserk rage
Miscellaneous
 Q - a phial of floods
 Y - a sack of spiders
Comestibles
 d - 2 bread rations
 m - 14 meat rations


   Skills:
 + Level 12.9 Fighting
 - Level 11.2 Dodging
 - Level 4.3 Shields
 * Level 17.8 Unarmed Combat
 - Level 9.0 Spellcasting
 - Level 1.0 Conjurations
 - Level 2.2 Charms
 - Level 2.7 Necromancy
 - Level 1.0 Translocations
 - Level 10.9 Transmutations
 - Level 1.0 Air Magic
 - Level 6.9 Earth Magic
 - Level 4.0 Evocations


You had 2 spell levels left.
You knew the following spells:

 Your Spells              Type           Power        Failure   Level  Hunger
b - Blink                 Tloc           N/A          1%          2    None
k - Sticks to Snakes      Tmut           ######..     1%          2    None
m - Mephitic Cloud        Conj/Pois/Air  ###.....     4%          3    None
n - Animate Skeleton      Necr           N/A          1%          1    None
r - Regeneration          Chrm/Necr      ####......   1%          3    None
s - Statue Form           Tmut/Erth      ######...    8%          6    ######.
u - Control Undead        Necr           ####......   6%          4    #......
N - Animate Dead          Necr           N/A          6%          4    #......
R - Irradiate             Conj/Tmut      #####.....   4%          5    ####...
W - Swiftness             Chrm/Air       ###.....     1%          2    None


Dungeon Overview and Level Annotations

Branches:
Dungeon (15/15)            Temple (0/1) D:4            Lair (6/6) D:8
  Swamp (4/4) Lair:3       Spider (4/4) Lair:3        Slime (5/5) Lair:5
    Orc (2/2) D:10            Elf (3/3) Orc:2        Vaults (0/5) D:13
 Depths (1/5) D:15

Shops:
Orc:2 [[?%   Elf:1 !}   Elf:2 :

Annotations:
D:2 exclusion: downstairs
D:4 1 runed door
D:15 exclusion: ice statue
Slime:5 Royal Jelly


Innate Abilities, Weirdness & Mutations

You have an increased reservoir of magic. (+10% MP)
(You are partially covered in large bone plates. (SH +4))
Your system is resistant to poisons. (rPois)
((You are covered in fur. (AC +1)))
Potions are less effective at restoring your health.


Message History

The splash of acid misses you.
The acid blob quivers.
Found a twisted coral ring.
Found a viscous altar of Jiyva.
Found five items.
Found fifteen items.
Okay, then.
Casting: Blink
Confirm with . or Enter, or press ? or * to list all spells.
Your skin crawls.
Your resistance to elements expires.
Okay, then.
You feel agile all of a sudden.
Okay, then.
You feel clever all of a sudden.
Casting: Regeneration
Confirm with . or Enter, or press ? or * to list all spells.
You create 3 snakes!
You now have 263 arrows.
The acid blob closely misses you. The acid blob spits acid at you.
The splash of acid hits you! You resist.
* * * LOW HITPOINT WARNING * * *
The acid corrodes you!
You are splashed with acid!
The acid burns!
You resist.
* * * LOW HITPOINT WARNING * * *
You swap places.
Your water moccasin bites the acid blob.
The acid blob is poisoned.
Your water moccasin poisons the acid blob!
Your water moccasin is burned by acid!
The acid blob hits your water moccasin.
Your water moccasin is splashed with acid.
Found nine items.
You swap places.
Found nine items.
Okay, then.
Okay, then.
The acid blob hits your water moccasin!
Your water moccasin is splashed with acid.
The acid corrodes your water moccasin!
Found eleven items.
Found seven items.
The acid blob jiggles.
The acid blob hits your adder!!
Your adder dies!
The acid blob jiggles.
Found five items.
Found a royal jelly.
You feel a little less mighty now.
Found a meat ration and 29 bolts.
Your skin is crawling a little less now.
The acid blob misses your adder.
The acid blob completely misses your adder.
Your magical effects are unravelling.
You feel magically purged.
You feel slightly less contaminated with magical energies.
You feel a little less clever now.
You feel a little less agile now.
Your skin stops crawling.
You are no longer corroded.
The acid blob jiggles.
Casting: Sticks to Snakes
Confirm with . or Enter, or press ? or * to list all spells.
You turn into a living statue of rough stone.
Your +1 pair of boots melds into your body.
Your +0 acid dragon scales melds into your body.
The acid blob spits acid at you. The splash of acid hits your adder.
Your adder is splashed with acid.
Your adder dies!
The acid blob spits acid at you. The splash of acid hits you!
* * * LOW HITPOINT WARNING * * *
You are splashed with acid!
The acid burns!
* * * LOW HITPOINT WARNING * * *
Unknown command.
The acid blob spits acid at you.
The splash of acid hits your water moccasin.
Your water moccasin is splashed with acid.
The acid corrodes your water moccasin!
Your water moccasin dies!
The acid blob quivers.
The acid blob spits acid at you. The splash of acid hits you!
* * * LOW HITPOINT WARNING * * *
The acid corrodes you!
You are splashed with acid!
The acid burns!
* * * LOW HITPOINT WARNING * * *
As you read the scroll of teleportation, it crumbles to dust.
You feel strangely unstable. The acid blob spits acid at you.
The splash of acid hits you!
* * * LOW HITPOINT WARNING * * *
You are splashed with acid!
The acid burns!
* * * LOW HITPOINT WARNING * * *
Unknown command.
Your system partially rejects the healing.
You feel much better. The acid blob completely misses you.
The acid blob spits acid at you. The splash of acid hits you!
* * * LOW HITPOINT WARNING * * *
You are splashed with acid!
The acid burns!
* * * LOW HITPOINT WARNING * * *
The acid blob jiggles.
The acid blob spits acid at you. The splash of acid hits you!
You die...

..####.#####... ##[##..# ## .
......... ##?[%##.# %%## .
..........##[}:##..##[=$##.
..........##?)$)%#.##%"!":##
...............##%)")##..##?|(:##
...............###$[#=##.#"#%$###
...............########..########
................8#..J#.._.#...#JJ
.............J.#.JJ#........#...#
...............########..########
...............# #/(#[##.#|#$$# #
......JJJ......##$)))##..##%=[!##
......JJJ......##?)φ)%#.##$[():##
......J.J.JJ....##)})##..##(:)##.
.....^.JJ.J......##)%(##.# ?$##J.
#.................##%##..# ##...


You could see 3 acid blobs.

Vanquished Creatures
  the Lernaean hydra (Swamp:4)
  Jorgrun (Swamp:3)
  Rupert (Orc:2)
  8 acid blobs
  A thorn hunter (Swamp:4)
  A frost giant (Depths:1)
  5 azure jellies
  Aizul (Swamp:3)
  3 ghost moths (Spider:4)
  3 emperor scorpions
  2 entropy weavers
  2 spark wasps (Spider:4)
  The ghost of Leszczynek the Grappler, a journeyman TrSk of Uskayaw (D:13)
  2 deep elf high priests (Elf:1)
  2 great orbs of eyes
  A fire dragon (D:15)
  A catoblepas (Lair:6)
  An ice dragon (D:15)
  A ghost crab (Swamp:3)
  12 hydras
  4 alligators
  4 centaur warriors
  A death knight (D:13)
  3 orc high priests
  5 dancing weapons
  An ogre mage (D:15)
  9 two-headed ogres
  2 tengu warriors
  Urug (D:11)
  Nergalle (Lair:3)
  A skeletal warrior (D:13)
  A deep elf knight (Elf:3)
  A glowing orange brain (Slime:3)
  4 unseen horrors
  5 swamp dragons
  A deep elf archer (Elf:1)
  3 shambling mangroves
  A necromancer (D:13)
  Pikel (D:7)
  4 orc knights
  4 oklob plants (Lair:1)
  18 wolf spiders
  7 orb spiders
  11 ugly things
  17 deep elf magi
  5 orc sorcerers
  A shining eye (Slime:5)
  3 cyclopes
  A manticore (D:13)
  11 elephants
  2 moths of wrath
  2 centaur zombies
  A gargoyle (D:11)
  5 eyes of devastation
  17 spiny frogs
  The ghost of Gagarin the Gusty, a novice DrAE (D:4)
  An efreet (D:15)
  3 demonic crawlers
  2 komodo dragons
  6 yaktaurs (D:11)
  25 jumping spiders
  4 tyrant leeches
  3 blink frogs (Lair:6)
  4 trolls
  A blink frog (shapeshifter) (D:12)
  8 hornets
  4 dream sheep (Lair:5)
  8 hippogriffs
  5 bog bodies
  35 slime creatures
  Sigmund (D:3)
  A shadow (D:14)
  2 wraiths (D:13)
  39 redbacks
  2 wyverns
  28 tarantellas
  A water elemental (Elf:1)
  36 yaks
  A fire elemental (Elf:2)
  2 hungry ghosts (D:15)
  19 vampire mosquitoes
  7 swamp worms
  3 wargs
  3 insubstantial wisps (Swamp:3)
  An acid dragon (D:11)
  3 water moccasins
  A soldier ant (D:13)
  6 porcupines
  29 orc warriors
  4 swamp drakes (Swamp:4)
  3 sky beasts
  6 black bears
  2 phantoms
  8 eyes of draining
  3 necrophages
  8 ogres
  3 boggarts (D:15)
  4 ice beasts
  9 centaurs
  4 crocodiles
  3 big kobolds
  24 bullfrogs
  3 earth elementals
  A water moccasin zombie (D:8)
  A scorpion (D:8)
  18 killer bees
  4 electric eels
  8 wights (D:14)
  11 crimson imps
  5 howler monkeys (D:10)
  2 bullfrog zombies
  6 jellies
  5 hounds
  A quasit (D:11)
  20 orc priests
  3 centaur skeletons
  Crazy Yiuf (D:2)
  24 orc wizards
  4 bullfrog skeletons
  An iguana (D:13)
  Jessica (D:2)
  6 worker ants
  A hound zombie (D:5)
  3 hound skeletons
  2 worker ant zombies
  14 gnolls
  8 river rats (Sewer)
  5 adders
  A shadow imp (D:11)
  12 white imps
  2 oozes
  An adder skeleton (D:7)
  4 worms
  2 dart slugs
  5 leopard geckos
  85 orcs
  5 ball pythons
  7 giant cockroaches
  A hobgoblin (D:1)
  17 jackals
  5 quokkas
  11 bats
  6 frilled lizards
  A giant cockroach zombie (D:5)
  6 goblins
  28 kobolds
  A leopard gecko zombie (D:7)
  2 quokka skeletons (D:5)
  22 rats
  A crawling corpse (Elf:1)
  4 plants
971 creatures vanquished.

Vanquished Creatures (collateral kills)
  An acid blob (Slime:4)
  An emperor scorpion (Spider:4)
  An entropy weaver (Lair:3)
  7 hydras (Swamp:4)
  A ghost crab (Swamp:3)
  A two-headed ogre (D:9)
  A spriggan (Swamp:4)
  A spriggan druid (Swamp:4)
  6 swamp dragons
  A glowing orange brain (Slime:5)
  8 orb spiders
  4 wolf spiders (Spider:4)
  2 shining eyes
  2 deep elf magi (Elf:1)
  A moth of wrath (Spider:4)
  4 spiny frogs (Lair:6)
  2 komodo dragons (Lair:6)
  6 jumping spiders
  2 tyrant leeches (Lair:6)
  7 slime creatures
  4 hornets (Swamp:4)
  7 blink frogs (Lair:6)
  4 tarantellas (Spider:4)
  19 redbacks
  4 yaks
  Eustachio (D:5)
  4 vampire mosquitoes
  5 insubstantial wisps (Swamp:3)
  A swamp worm (Swamp:1)
  A porcupine (Lair:1)
  A water moccasin (Lair:6)
  4 swamp drakes (Swamp:4)
  3 wolves (Lair:6)
  2 crocodiles
  6 bullfrogs
  A scorpion (D:10)
  A killer bee (D:8)
  A wight (D:14)
  2 crimson imps
  A jelly (D:5)
  A worker ant (D:4)
  A gnoll (D:11)
  An adder (D:4)
  4 orcs
  4 kobolds
  A quokka skeleton (D:4)
  A crawling corpse (Elf:1)
  9 plants (Lair:6)
153 creatures vanquished.

Vanquished Creatures (others)
  A bullfrog (Lair:6)
  A jackal (D:7)
  A bush (D:15)
  22 fungi
  25 plants
50 creatures vanquished.

Grand Total: 1174 creatures vanquished

Notes
Turn   | Place    | Note
-------+----------+-------------------------------------------
     0 | D:1      | tidbits the Demigod Transmuter began the quest for the Orb.
     0 | D:1      | Reached XP level 1. HP: 15/15 MP: 5/5
    68 | D:1      | Reached skill level 3 in Unarmed Combat
   121 | D:1      | Reached skill level 2 in Transmutations
   178 | D:1      | Reached skill level 2 in Spellcasting
   178 | D:1      | Reached XP level 2. HP: 20/22 MP: 5/7
   245 | D:1      | Learned a level 2 spell: Sticks to Snakes
   528 | D:2      | Reached XP level 3. HP: 19/27 MP: 6/8
   533 | D:2      | Learned a level 3 spell: Spider Form
   837 | D:2      | Found an opulent altar of Gozag.
   848 | D:2      | Found a shadowy altar of Dithmenos.
   867 | D:2      | Noticed Jessica
   872 | D:2      | Reached skill level 3 in Transmutations
   876 | D:2      | Killed Jessica
   876 | D:2      | Reached XP level 4. HP: 34/34 MP: 1/9
   904 | D:2      | Found a runed door.
   909 | D:2      | Noticed Crazy Yiuf
   927 | D:2      | Killed Crazy Yiuf
  1174 | D:3      | Found a deep blue altar of Sif Muna.
  1271 | D:3      | Reached skill level 4 in Unarmed Combat
  1287 | D:4      | Noticed Gagarin's ghost (novice DrAE)
  1304 | D:4      | Killed Gagarin's ghost
  1304 | D:4      | Reached skill level 5 in Unarmed Combat
  1304 | D:4      | Reached skill level 4 in Transmutations
  1304 | D:4      | Reached XP level 5. HP: 27/39 MP: 1/10
  1304 | D:4      | Reached XP level 6. HP: 32/46 MP: 1/11
  1401 | D:4      | Found a staircase to the Ecumenical Temple.
  1493 | D:4      | Found a glowing drain.
  1504 | Sewer    | Entered a sewer
  1532 | Sewer    | Reached skill level 1 in Fighting
  1646 | Sewer    | Reached skill level 2 in Dodging
  1988 | D:4      | Reached XP level 7. HP: 29/52 MP: 4/13
  1991 | D:4      | Reached skill level 6 in Unarmed Combat
  1993 | D:4      | Got a bloodstained falchion
  2019 | D:4      | Found a runed door.
  2019 | D:4      | Noticed an angel
  2020 | D:4      | Found a glowing silver altar of Zin.
  2037 | D:4      | Identified the +6 falchion of Foolhardiness {antimagic, *Corrode MR+ Str+2 Int+3} (You found it on level 4 of the Dungeon)
  2063 | D:4      | Found a hide-covered altar of Uskayaw.
  2066 | D:4      | Noticed a hand axe
  2066 | D:4      | Noticed a hand axe
  2085 | D:4      | Found a shattered altar of Ashenzari.
  2168 | D:3      | Noticed Sigmund
  2193 | D:3      | Killed Sigmund
  2193 | D:3      | Reached skill level 2 in Fighting
  2430 | D:4      | Found a bloodstained altar of Trog.
  2520 | D:5      | Entered Level 5 of the Dungeon
  2543 | D:5      | Reached skill level 5 in Transmutations
  2580 | D:5      | Noticed Eustachio
  2590 | D:5      | Killed Eustachio
  2590 | D:5      | Reached skill level 3 in Dodging
  2668 | D:5      | Got a slimy buckler
  2674 | D:5      | Identified the +3 buckler "Netic" {rPois Str+4} (You found it on level 5 of the Dungeon)
  2772 | D:5      | Reached skill level 1 in Shields
  2772 | D:5      | Reached XP level 8. HP: 57/62 MP: 10/14
  2942 | D:5      | Reached skill level 3 in Fighting
  2942 | D:5      | Reached skill level 7 in Unarmed Combat
  3020 | D:6      | Reached skill level 2 in Shields
  3249 | D:6      | Learned a level 5 spell: Blade Hands
  3404 | D:7      | Reached skill level 3 in Shields
  3404 | D:7      | Reached skill level 8 in Unarmed Combat
  3432 | D:7      | Noticed Pikel
  3443 | D:7      | Killed Pikel
  3443 | D:7      | Reached skill level 4 in Fighting
  3443 | D:7      | Reached XP level 9. HP: 72/72 MP: 10/15
  3449 | D:7      | Found a basalt altar of Yredelemnul.
  3992 | D:8      | Reached skill level 4 in Shields
  4158 | D:8      | Reached skill level 5 in Fighting
  4158 | D:8      | Reached skill level 9 in Unarmed Combat
  4236 | D:8      | Found a sparkling altar of Nemelex Xobeh.
  4398 | D:8      | Found a staircase to the Lair.
  4518 | D:8      | Found a hazy altar of Hepliaklqana.
  4702 | D:8      | Reached skill level 4 in Dodging
  4768 | D:8      | Reached skill level 6 in Transmutations
  4886 | D:10     | Entered Level 10 of the Dungeon
  4892 | D:9      | Reached XP level 10. HP: 81/81 MP: 9/17
  4908 | D:9      | Noticed a two-headed ogre
  4915 | D:9      | Killed a two-headed ogre
  4915 | D:9      | Reached skill level 5 in Dodging
  4936 | D:9      | Noticed a cyan ugly thing
  4953 | D:9      | Killed a cyan ugly thing
  4953 | D:9      | Reached skill level 6 in Dodging
  5071 | D:9      | Reached skill level 3 in Spellcasting
  5169 | D:9      | Killed an unseen horror
  5222 | D:10     | Reached skill level 4 in Spellcasting
  5243 | D:10     | Reached skill level 7 in Transmutations
  5484 | D:11     | Found an ornate altar of the Wu Jian Council.
  5514 | D:10     | Found a staircase to the Orcish Mines.
  5655 | D:11     | Noticed a cyclops
  5683 | D:11     | Killed a cyclops
  5683 | D:11     | Reached XP level 11. HP: 87/89 MP: 16/22
  5691 | D:11     | Learned a level 2 spell: Blink
  5735 | D:11     | Reached skill level 10 in Unarmed Combat
  5787 | D:11     | Reached skill level 6 in Fighting
  5790 | D:11     | Reached skill level 1 in Translocations
  5792 | D:11     | Gained mutation: You do not regenerate when monsters are visible. [mutagenic meat]
  5814 | D:11     | Learned a level 2 spell: Swiftness
  5950 | D:11     | Reached skill level 7 in Dodging
  5963 | D:11     | Identified a scroll of acquirement
  6091 | D:11     | Reached skill level 5 in Spellcasting
  6143 | D:11     | Lost mutation: You do not regenerate when monsters are visible. [potion of mutation]
  6143 | D:11     | Gained mutation: You are frail. (-10% HP) [potion of mutation]
  6143 | D:11     | Gained mutation: Your spells are a little harder to cast, but a little more powerful. [potion of mutation]
  6144 | D:11     | Lost mutation: You are frail. (-10% HP) [potion of mutation]
  6144 | D:11     | Lost mutation: Your spells are a little harder to cast, but a little more powerful. [potion of mutation]
  6144 | D:11     | Gained mutation: Your system is resistant to poisons. (rPois) [potion of mutation]
  6144 | D:11     | Gained mutation: You are partially covered in large bone plates. (SH +4) [potion of mutation]
  6179 | D:11     | Reached skill level 1 in Air Magic
  6190 | D:11     | Reached skill level 1 in Charms
  6267 | D:12     | Noticed a two-headed ogre
  6273 | D:12     | Killed a two-headed ogre
  6420 | D:13     | Reached skill level 11 in Unarmed Combat
  6597 | D:12     | Found a stormy altar of Qazlal.
  6759 | D:11     | Reached skill level 7 in Fighting
  6764 | D:11     | Noticed Urug
  6786 | D:11     | Killed Urug
  6848 | D:11     | Killed an unseen horror
  6983 | D:10     | Learned a level 3 spell: Mephitic Cloud
  6984 | Orc:1    | Entered Level 1 of the Orcish Mines
  7161 | Orc:2    | Entered Level 2 of the Orcish Mines
  7171 | Orc:2    | Found a staircase to the Elven Halls.
  7184 | Orc:2    | Reached XP level 12. HP: 100/100 MP: 16/24
  7377 | Orc:2    | Noticed Rupert
  7392 | Orc:2    | HP: 9/100 [Rupert/battleaxe of chopping (3)]
  7396 | Orc:2    | Killed Rupert
  7396 | Orc:2    | Reached skill level 12 in Unarmed Combat
  7613 | Orc:2    | Reached skill level 8 in Fighting
  7826 | Orc:1    | Found a roughly hewn altar of Beogh.
  8171 | Orc:1    | Reached skill level 13 in Unarmed Combat
  8347 | Orc:2    | Reached skill level 9 in Fighting
  8500 | Orc:2    | Found Pisk's Antique Armour Shoppe.
  8500 | Orc:2    | Found Baseydok's Antique Armour Shoppe.
  8503 | Orc:2    | Found Sistysue's Food Shop.
  8503 | Orc:2    | Found Quff's Magic Scroll Shop.
  8522 | Orc:2    | Upgraded the game from 0.21-a0-270-g8204059 to 0.21-a0-272-g984ae92
  8532 | Orc:2    | Bought a scroll of identify for 32 gold pieces
  8532 | Orc:2    | Bought a scroll of silence for 120 gold pieces
  8532 | Orc:2    | Bought a scroll of magic mapping for 56 gold pieces
  8532 | Orc:2    | Bought a scroll of fog for 32 gold pieces
  8578 | Elf:1    | Entered Level 1 of the Elven Halls
  8660 | Elf:1    | Reached skill level 8 in Dodging
  8681 | Elf:1    | Found Taruma's Gadget Shop.
  8685 | Elf:1    | Found Niaruc's Distillery.
  8691 | Elf:1    | Bought a potion of lignification for 51 gold pieces
  8691 | Elf:1    | Bought a potion of lignification for 51 gold pieces
  8742 | Elf:1    | Noticed a deep elf high priest
  8753 | Elf:1    | Killed a deep elf high priest
  8753 | Elf:1    | Reached XP level 13. HP: 53/111 MP: 18/25
  8810 | Elf:1    | Reached skill level 9 in Dodging
  8854 | Elf:1    | HP: 5/111 [earth elemental (23)]
  9002 | Elf:2    | Reached skill level 10 in Dodging
  9089 | Elf:2    | Found Giostret's Book Shop.
  9092 | Elf:2    | Bought a book of Transfigurations for 770 gold pieces
  9092 | Elf:2    | Bought a book of Necromancy for 420 gold pieces
  9094 | Elf:2    | Learned a level 1 spell: Animate Skeleton
  9098 | Elf:2    | Learned a level 3 spell: Regeneration
  9133 | Elf:2    | Reached skill level 1 in Necromancy
  9137 | Elf:2    | Reached skill level 6 in Spellcasting
  9137 | Elf:2    | Reached skill level 2 in Charms
  9184 | Elf:3    | Entered Level 3 of the Elven Halls
  9188 | Elf:3    | Reached skill level 2 in Necromancy
  9340 | Orc:2    | Bought a scroll of amnesia for 56 gold pieces
  9622 | D:13     | Reached skill level 8 in Transmutations
  9644 | D:13     | Found a roughly hewn altar of Beogh.
  9863 | D:13     | Noticed Leszczynek's ghost (journeyman TrSk)
  9894 | D:13     | Killed Leszczynek's ghost
  9984 | D:13     | Learned a level 6 spell: Statue Form
 10000 | D:15     | Entered Level 15 of the Dungeon
 10051 | D:14     | Reached skill level 1 in Earth Magic
 10083 | D:14     | Reached skill level 2 in Earth Magic
 10104 | D:14     | Found a blossoming altar of Fedhas.
 10191 | D:13     | Reached skill level 9 in Transmutations
 10361 | D:15     | Reached skill level 7 in Spellcasting
 10361 | D:15     | Reached skill level 3 in Earth Magic
 10570 | D:14     | Found an opulent altar of Gozag.
 10603 | D:14     | Got an iridescent dagger
 10604 | D:14     | Identified the +3 dagger of the Goat {drain, Dex+6} (You found it on level 14 of the Dungeon)
 10696 | D:14     | Reached XP level 14. HP: 97/118 MP: 19/29
 10839 | D:15     | Reached skill level 4 in Earth Magic
 10849 | D:15     | Found a staircase to the Depths.
 10861 | Depths:1 | Entered Level 1 of the Depths
 10861 | Depths:1 | Noticed a frost giant
 10866 | Depths:1 | Killed a frost giant
 11120 | D:15     | Reached skill level 5 in Earth Magic
 11126 | D:15     | Reached skill level 10 in Transmutations
 11131 | D:15     | Reached skill level 8 in Spellcasting
 11333 | D:13     | Found a gate to the Vaults.
 11565 | Lair:1   | Entered Level 1 of the Lair of Beasts
 11879 | Lair:1   | Reached skill level 6 in Earth Magic
 11922 | Lair:1   | Learned a level 4 spell: Animate Dead
 11928 | Lair:1   | Learned a level 5 spell: Irradiate
 12052 | Lair:3   | Noticed Nergalle
 12059 | Lair:3   | Killed Nergalle
 12289 | Lair:3   | Found a staircase to the Swamp.
 12351 | Swamp:1  | Entered Level 1 of the Swamp
 12401 | Swamp:1  | Reached skill level 9 in Spellcasting
 12580 | Swamp:3  | Reached skill level 1 in Conjurations
 12616 | Swamp:4  | Entered Level 4 of the Swamp
 12616 | Swamp:4  | Noticed Jorgrun
 12651 | Swamp:3  | Killed Jorgrun
 12690 | Swamp:3  | Noticed Aizul
 12705 | Swamp:3  | Killed Aizul
 12705 | Swamp:3  | Reached XP level 15. HP: 124/124 MP: 7/32
 12777 | Swamp:4  | Noticed a thorn hunter
 12790 | Swamp:4  | Killed a thorn hunter
 12814 | Swamp:4  | Reached skill level 14 in Unarmed Combat
 12986 | Swamp:4  | Reached skill level 10 in Fighting
 12999 | Swamp:4  | Noticed the 27-headed Lernaean hydra
 13005 | Swamp:4  | Killed the 27-headed Lernaean hydra
 13071 | Swamp:4  | Reached skill level 15 in Unarmed Combat
 13105 | Swamp:4  | Got a decaying rune of Zot
 13399 | Lair:3   | Found a hole to the Spider Nest.
 13416 | Spider:1 | Entered Level 1 of the Spider Nest
 13716 | Spider:4 | Entered Level 4 of the Spider Nest
 13727 | Spider:4 | Got an ancient ring mail
 13766 | Spider:4 | Identified the +4 ring mail "Boexzi" {Int+2} (You found it on level 4 of the Spider Nest)
 13882 | Spider:4 | Reached skill level 11 in Fighting
 14060 | Spider:4 | Reached skill level 16 in Unarmed Combat
 14061 | Spider:4 | Reached XP level 16. HP: 137/137 MP: 8/33
 14390 | Spider:4 | Got a gossamer rune of Zot
 14680 | Spider:2 | Reached skill level 12 in Fighting
 14959 | Lair:6   | Entered Level 6 of the Lair of Beasts
 14973 | Lair:6   | Reached skill level 1 in Evocations
 15077 | Lair:6   | Reached skill level 2 in Evocations
 15130 | Lair:6   | Reached skill level 3 in Evocations
 15201 | Lair:6   | Reached skill level 4 in Evocations
 15234 | Lair:6   | Reached skill level 17 in Unarmed Combat
 15551 | Lair:5   | Found a staircase to the Slime Pits.
 15551 | Lair:5   | Found a viscous altar of Jiyva.
 15576 | Lair:5   | Learned a level 4 spell: Control Undead
 15577 | Slime:1  | Entered Level 1 of the Pits of Slime
 15842 | Slime:2  | Noticed an acid blob
 15846 | Slime:2  | Killed an acid blob
 15934 | Slime:1  | Noticed an acid blob
 15938 | Slime:1  | Noticed an acid blob
 15946 | Slime:2  | Killed an acid blob
 15946 | Slime:2  | Reached XP level 17. HP: 39/148 MP: 7/35
 16042 | Slime:3  | Gained mutation: You are covered in fur. (AC +1) [a shining eye]
 16045 | Slime:3  | Gained mutation: Potions are less effective at restoring your health. [a shining eye]
 16156 | Slime:5  | Entered Level 5 of the Pits of Slime
 16258 | Slime:4  | Reached skill level 11 in Dodging
 16356 | Slime:5  | Noticed the Royal Jelly
 16424 | Slime:5  | Found a viscous altar of Jiyva.
 16434 | Slime:5  | Found the +5 pair of quick blades "Gyre" and "Gimble" {pierce, Dex-3}
 16445 | Slime:5  | HP: 16/192 [acid blob/splash of acid[the Royal Jelly] (10)]
 16445 | Slime:5  | HP: 3/192 [acid[the Royal Jelly] (13)]
 16446 | Slime:5  | Killed from afar by an acid blob

Vault maps used:
D:1:      dpeg_arrival_ratfight
D:2:      lemuel_round_altar, grunt_temple_overflow_open,
          uniq_crazy_yiuf_cottage, uniq_jessica
D:3:      led_sif_book, uniq_sigmund
D:4:      nicolae_overflow_hidden_temple, nicolae_overflow_crystal_walls,
          dancing_weapons_uskayaw, minmay_temple_entry_hall,
          portal_sewer_entry_d, lemuel_angel_altar
D:5:      first_bread, minivault_14, uniq_eustachio
D:6:      basic_altar, kennysheep_generic_room_15
D:7:      lemuel_doored_altar, uniq_pikel
D:8:      lemuel_coloured_pillars_altar, marbit_many_paths,
          due_lair_maze_entry_diamond
D:9:      old_standard_altar, grunt_livestock
D:10:     orc_0_dummy
D:11:     fort_yaktaur, basic_altar, uniq_urug
D:12:     grunt_qazlal_sundering
D:13:     david_vaults_1, special_room
D:14:     nicolae_gozag_seed_capital, fedhas_altar_2
D:15:     grunt_enter_depths_hoard, serial_park_gazebo, minivault_16
Lair:1:   nicolae_quartered_pool_little, minmay_lair_oklob_chamber
Lair:2:   beast_lair_carwin_8, serial_bayou_shore_a
Lair:3:   minmay_swamp_entry_swarm, spider_nest_entry_rubble, serial_forest,
          infiniplex_forest_straight_3, infiniplex_forest_straight_5,
          infiniplex_forest_clump_long, infiniplex_forest_zigzag_1,
          infiniplex_forest_straight_4, infiniplex_forest_lined_1,
          infiniplex_forest_end_2, infiniplex_forest_straight_2,
          serial_bayou_pond_b, serial_bayou_shore_b, uniq_nergalle
Lair:5:   slime_altar_1
Lair:6:   minmay_lair_end_frog_pond
Swamp:1:  evilmike_swamp_ruin_rubble_2, swamp_pool1
Swamp:2:  evilmike_swamp_ruin_house_3
Swamp:3:  hangedman_swamp_ruin_wall, infiniplex_staircase_pool_2, uniq_aizul,
          uniq_roxanne
Swamp:4:  swamp_basic_johnstein, uniq_jorgrun
Spider:1: hangedman_spider_trapstep, uniq_josephine
Spider:2: hangedman_stitches_earthworm
Spider:4: grunt_spider_rune_parallel, spider_trap, nicolae_spider_webbed_stairs,
          uniq_arachne
Slime:2:  nicolae_slime_phagocytosis
Orc:1:    basic_altar, portal_ice_cave_entry_imps, nicolae_orc_sculptors_studio
Orc:2:    st_orc_elflike, uniq_rupert
Elf:1:    eino_elf_arrival_sip, kennysheep_underground_church, minivault_4,
          minmay_shoptagon, grunt_megastairs_5
Elf:2:    serial_shops, nicolae_shop_behind_doors, uniq_louise
Elf:3:    minmay_elf_hall_statues, evilmike_surprise_oklob, uniq_saint_roka
Depths:1: serial_shops, shop_fountains, pf_hell_entry_tar_river,
          nicolae_abyss_entry_one_way_or_another, grunt_ministairs_4,
          minivault_14, kennysheep_another_room, kennysheep_generic_room_12
Sewer:    sewer_minmay_treatment

Skill      XL: |  1  2  3  4  5  6  7  8  9 10 11 12 13 14 15 16 17 |
---------------+----------------------------------------------------+-----
Unarmed Combat | 3 5 6 8 9 11 13 16 17 | 17.8
Transmutations | 2 3 4 5 6 7 9 10 | 10.9
Spellcasting   | 2 4 5 7 9 |  9.0
Fighting       | 1 2 4 5 7 9 11 12 | 12.9
Dodging        | 2 3 4 6 7 8 10 11 | 11.2
Shields        | 1 3 4 |  4.3
Translocations | 1 |  1.0
Air Magic      | 1 |  1.0
Charms         | 1 2 |  2.2
Necromancy     | 2 |  2.7
Earth Magic    | 3 6 |  6.9
Conjurations   | 1 |  1.0
Evocations     | 4 |  4.0

Action                   |  1- 3 |  4- 6 |  7- 9 | 10-12 | 13-15 | 16-18 || total
-------------------------+-------+-------+-------+-------+-------+-------++-------
Melee: Unarmed           |    92 |   141 |   387 |   584 |   852 |   505 ||  2561
       Headbutt          |     9 |       |       |       |       |       ||     9
       Kick              |     5 |       |       |       |       |       ||     5
       Dagger            |     7 |     5 |       |       |       |       ||    12
       Short sword       |       |       |    14 |       |       |       ||    14
       Whip              |       |       |    11 |       |       |       ||    11
       Punch             |       |       |     1 |    25 |    19 |       ||    45
 Fire: Blowgun           |       |       |       |       |    19 |    12 ||    31
Throw: Stone             |     2 |     1 |     1 |     1 |       |       ||     5
       Javelin           |       |       |       |       |       |     3 ||     3
 Cast: Beastly Appendage |    24 |     1 |       |       |       |       ||    25
       Sticks to Snakes  |     5 |    10 |    22 |    40 |    30 |    11 ||   118
       Spider Form       |     6 |    21 |    24 |     1 |       |       ||    52
       Blade Hands       |       |       |     7 |    62 |    44 |       ||   113
       Regeneration      |       |       |       |       |    52 |    34 ||    86
       Animate Skeleton  |       |       |       |       |    41 |     7 ||    48
       Statue Form       |       |       |       |       |    36 |    31 ||    67
       Irradiate         |       |       |       |       |    11 |    22 ||    33
       Animate Dead      |       |       |       |       |    14 |    11 ||    25
       Blink             |       |       |       |       |       |     8 ||     8
 Abil: End Transformatio |     1 |     1 |     3 |     3 |     4 |     4 ||    16
Evoke: Wand              |       |       |       |       |       |     1 ||     1
       Box of beasts     |       |       |       |       |       |     1 ||     1
       Sack of spiders   |       |       |       |       |       |     1 ||     1
  Use: Scroll            |     5 |     4 |     3 |    11 |    15 |    10 ||    48
       Potion            |       |     2 |     2 |    10 |     4 |    13 ||    31
 Stab: Sleeping          |     4 |     3 |       |     1 |     1 |     1 ||    10
       Distracted        |       |     2 |     2 |     6 |     3 |     9 ||    22
       Invisible         |       |       |       |       |       |     3 ||     3
  Eat: Chunk             |     1 |     4 |    14 |    19 |    22 |     5 ||    65
       Royal jelly       |       |     1 |       |     4 |     2 |     2 ||     9
       Fruit             |       |     1 |     1 |       |     2 |     2 ||     6
       Bread ration      |       |       |     1 |     1 |     5 |     4 ||    11
Armor: Robe              |    13 |     5 |       |       |       |       ||    18
       Skin              |     3 |    16 |     7 |       |   358 |   370 ||   754
       Leather armour    |       |       |    62 |    49 |       |       ||   111
       Troll leather arm |       |       |       |    64 |    81 |     2 ||   147
       Ring mail         |       |       |       |       |       |     4 ||     4
       Acid dragon scale |       |       |       |       |       |     1 ||     1
Dodge: Dodged            |    57 |   119 |   267 |   425 |   796 |   716 ||  2380
Block: Buckler           |       |       |    77 |    37 |   484 |   544 ||  1142
       Other             |       |       |       |    49 |    45 |       ||    94

Table legend:
 A = Spawn XP
 B = Non-spawn XP
 C = Spawn XP percentage of total XP
 D = Spawn monster count
 E = Non-spawn monster count
 F = Spawn count percentage of total count
 G = Total turns spent on level
                    A         B        C        D         E        F      G
               +---------+---------+-------+---------+---------+-------+---------
         Total |       0 |  282162 |   0.0 |       0 |    1107 |   0.0 | 16446
               +---------+---------+-------+---------+---------+-------+---------
           D:1 |       0 |      56 |   0.0 |       0 |      27 |   0.0 |   557
           D:2 |       0 |     126 |   0.0 |       0 |      20 |   0.0 |   566
           D:3 |       0 |     304 |   0.0 |       0 |      18 |   0.0 |   380
           D:4 |       0 |     496 |   0.0 |       0 |      10 |   0.0 |   599
           D:5 |       0 |     790 |   0.0 |       0 |      17 |   0.0 |   480
           D:6 |       0 |     377 |   0.0 |       0 |      12 |   0.0 |   347
           D:7 |       0 |    1540 |   0.0 |       0 |      30 |   0.0 |   708
           D:8 |       0 |    2325 |   0.0 |       0 |      29 |   0.0 |   759
           D:9 |       0 |    2885 |   0.0 |       0 |      21 |   0.0 |   405
          D:10 |       0 |    2737 |   0.0 |       0 |      43 |   0.0 |   468
          D:11 |       0 |   10782 |   0.0 |       0 |      76 |   0.0 |   979
          D:12 |       0 |    4368 |   0.0 |       0 |      30 |   0.0 |   646
          D:13 |       0 |    9392 |   0.0 |       0 |      52 |   0.0 |   584
          D:14 |       0 |    7603 |   0.0 |       0 |      31 |   0.0 |   556
          D:15 |       0 |   17754 |   0.0 |       0 |      40 |   0.0 |   706
        Lair:1 |       0 |    3600 |   0.0 |       0 |      14 |   0.0 |   387
        Lair:2 |       0 |    2226 |   0.0 |       0 |      13 |   0.0 |   113
        Lair:3 |       0 |   11280 |   0.0 |       0 |      37 |   0.0 |   474
        Lair:4 |       0 |    3529 |   0.0 |       0 |       9 |   0.0 |   161
        Lair:5 |       0 |    7924 |   0.0 |       0 |      25 |   0.0 |   346
        Lair:6 |       0 |   15285 |   0.0 |       0 |      71 |   0.0 |   490
       Swamp:1 |       0 |    3772 |   0.0 |       0 |      12 |   0.0 |   144
       Swamp:2 |       0 |     170 |   0.0 |       0 |       1 |   0.0 |    45
       Swamp:3 |       0 |    9132 |   0.0 |       0 |      21 |   0.0 |   239
       Swamp:4 |       0 |   32348 |   0.0 |       0 |      61 |   0.0 |   442
      Spider:1 |       0 |    4478 |   0.0 |       0 |      14 |   0.0 |   142
      Spider:2 |       0 |   10901 |   0.0 |       0 |      29 |   0.0 |   187
      Spider:3 |       0 |    6725 |   0.0 |       0 |      17 |   0.0 |   227
      Spider:4 |       0 |   33605 |   0.0 |       0 |     100 |   0.0 |   820
       Slime:1 |       0 |    4455 |   0.0 |       0 |       6 |   0.0 |    68
       Slime:2 |       0 |   12245 |   0.0 |       0 |      20 |   0.0 |   160
       Slime:3 |       0 |    4876 |   0.0 |       0 |       8 |   0.0 |   134
       Slime:4 |       0 |   11523 |   0.0 |       0 |       7 |   0.0 |   175
       Slime:5 |       0 |    7533 |   0.0 |       0 |       9 |   0.0 |   127
         Orc:1 |       0 |    3764 |   0.0 |       0 |      40 |   0.0 |   498
         Orc:2 |       0 |   10757 |   0.0 |       0 |      57 |   0.0 |  1168
         Elf:1 |       0 |    9882 |   0.0 |       0 |      18 |   0.0 |   481
         Elf:2 |       0 |    6265 |   0.0 |       0 |      10 |   0.0 |   170
         Elf:3 |       0 |    2242 |   0.0 |       0 |       3 |   0.0 |    64
      Depths:1 |       0 |    1853 |   0.0 |       0 |       1 |   0.0 |    20
         Sewer |       0 |     257 |   0.0 |       0 |      48 |   0.0 |   424
               +---------+---------+-------+---------+---------+-------+---------

Table legend:
 A = Turns spent in this place as a percentage of turns spent in the entire game.
 B = Non-inter-level travel turns spent in this place as a percentage of non-inter-level travel turns spent in the entire game.
 C = Inter-level travel turns spent in this place as a percentage of turns spent in this place.
 D = Turns resting spent in this place as a percentage of non-inter-level travel turns spent in this place.
 E = Turns spent auto-exploring this place as a percentage of non-inter-level travel turns spent in this place.
 F = Non-inter-level travel turns spent in this place divided by the number of levels of this place that you've seen.
                   A       B       C       D       E      F
               +-------+-------+-------+-------+-------+----------------------
         Total | 100.0 | 100.0 |   3.3 |   0.1 |   0.0 | 387.8
       Dungeon |  53.1 |  52.6 |   4.3 |   0.1 |   0.0 | 557.5
          Lair |  12.0 |  12.4 |   0.0 |   0.6 |   0.0 | 328.5
         Swamp |   5.3 |   5.5 |   0.0 |   0.0 |   0.0 | 217.5
   Spider Nest |   8.4 |   8.7 |   0.0 |   0.0 |   0.0 | 344.0
    Slime Pits |   4.0 |   4.2 |   0.0 |   0.0 |   0.0 | 132.8
  Orcish Mines |  10.1 |   9.4 |  10.2 |   0.0 |   0.0 | 748.0
   Elven Halls |   4.3 |   4.5 |   0.0 |   0.0 |   0.0 | 238.3
        Depths |   0.1 |   0.1 |   0.0 |   0.0 |   0.0 |  20.0
         Sewer |   2.6 |   2.7 |   0.0 |   0.0 |   0.0 | 424.0
               +-------+-------+-------+-------+-------+----------------------

Table legend:
 A = Kills in this place as a percentage of kills in entire the game.
 B = Kills by you in this place as a percentage of kills by you in the entire game.
 C = Kills by friends in this place as a percentage of kills by friends in the entire game.
 D = Other kills in this place as a percentage of other kills in the entire game.
 E = Experience gained in this place as a percentage of experience gained in the entire game.
 F = Experience gained in this place divided by the number of levels of this place that you have seen.
                   A       B       C       D       E      F
               +-------+-------+-------+-------+-------+----------------------
         Total | 100.0 | 100.0 | 100.0 |   N/A | 100.0 | 6882.0
       Dungeon |  41.2 |  45.3 |  13.3 |   N/A |  21.8 | 4102.3
          Lair |  15.3 |  13.6 |  26.6 |   N/A |  15.5 | 7307.3
         Swamp |   8.6 |   6.0 |  25.9 |   N/A |  16.1 | 11355.5
   Spider Nest |  14.5 |  12.4 |  28.0 |   N/A |  19.7 | 13927.2
    Slime Pits |   4.5 |   4.8 |   2.8 |   N/A |  14.4 | 8126.4
  Orcish Mines |   8.8 |  10.1 |   0.0 |   N/A |   5.1 | 7260.5
   Elven Halls |   2.8 |   3.0 |   1.4 |   N/A |   6.5 | 6129.7
        Depths |   0.1 |   0.1 |   0.0 |   N/A |   0.7 | 1853.0
         Sewer |   4.3 |   4.7 |   2.1 |   N/A |   0.1 | 257.0
               +-------+-------+-------+-------+-------+----------------------

Vault maps used:
D:1:      dpeg_arrival_ratfight
D:2:      lemuel_round_altar, grunt_temple_overflow_open,
          uniq_crazy_yiuf_cottage, uniq_jessica
D:3:      led_sif_book, uniq_sigmund
D:4:      nicolae_overflow_hidden_temple, nicolae_overflow_crystal_walls,
          dancing_weapons_uskayaw, minmay_temple_entry_hall,
          portal_sewer_entry_d, lemuel_angel_altar
D:5:      first_bread, minivault_14, uniq_eustachio
D:6:      basic_altar, kennysheep_generic_room_15
D:7:      lemuel_doored_altar, uniq_pikel
D:8:      lemuel_coloured_pillars_altar, marbit_many_paths,
          due_lair_maze_entry_diamond
D:9:      old_standard_altar, grunt_livestock
D:10:     orc_0_dummy
D:11:     fort_yaktaur, basic_altar, uniq_urug
D:12:     grunt_qazlal_sundering
D:13:     david_vaults_1, special_room
D:14:     nicolae_gozag_seed_capital, fedhas_altar_2
D:15:     grunt_enter_depths_hoard, serial_park_gazebo, minivault_16
Lair:1:   nicolae_quartered_pool_little, minmay_lair_oklob_chamber
Lair:2:   beast_lair_carwin_8, serial_bayou_shore_a
Lair:3:   minmay_swamp_entry_swarm, spider_nest_entry_rubble, serial_forest,
          infiniplex_forest_straight_3, infiniplex_forest_straight_5,
          infiniplex_forest_clump_long, infiniplex_forest_zigzag_1,
          infiniplex_forest_straight_4, infiniplex_forest_lined_1,
          infiniplex_forest_end_2, infiniplex_forest_straight_2,
          serial_bayou_pond_b, serial_bayou_shore_b, uniq_nergalle
Lair:5:   slime_altar_1
Lair:6:   minmay_lair_end_frog_pond
Swamp:1:  evilmike_swamp_ruin_rubble_2, swamp_pool1
Swamp:2:  evilmike_swamp_ruin_house_3
Swamp:3:  hangedman_swamp_ruin_wall, infiniplex_staircase_pool_2, uniq_aizul,
          uniq_roxanne
Swamp:4:  swamp_basic_johnstein, uniq_jorgrun
Spider:1: hangedman_spider_trapstep, uniq_josephine
Spider:2: hangedman_stitches_earthworm
Spider:4: grunt_spider_rune_parallel, spider_trap, nicolae_spider_webbed_stairs,
          uniq_arachne
Slime:2:  nicolae_slime_phagocytosis
Orc:1:    basic_altar, portal_ice_cave_entry_imps, nicolae_orc_sculptors_studio
Orc:2:    st_orc_elflike, uniq_rupert
Elf:1:    eino_elf_arrival_sip, kennysheep_underground_church, minivault_4,
          minmay_shoptagon, grunt_megastairs_5
Elf:2:    serial_shops, nicolae_shop_behind_doors, uniq_louise
Elf:3:    minmay_elf_hall_statues, evilmike_surprise_oklob, uniq_saint_roka
Depths:1: serial_shops, shop_fountains, pf_hell_entry_tar_river,
          nicolae_abyss_entry_one_way_or_another, grunt_ministairs_4,
          minivault_14, kennysheep_another_room, kennysheep_generic_room_12
Sewer:    sewer_minmay_treatment
